 Dungeon Crawl Stone Soup version 0.28-a0-1234-g826d19b2e0 (webtiles) character file.

Game seed: 1364752646525880799

2642 r3xj the Cleaver (level 9, -2/82 HPs)
             Began as a Minotaur Fighter on Dec 24, 2021.
             Was a Follower of Okawaru.
             Slain by Menkaure (14 damage)
             ... on level 7 of the Dungeon.
             The game lasted 00:15:26 (6847 turns).

r3xj the Cleaver (Minotaur Fighter)                 Turns: 6847, Time: 00:15:27

Health: -2/82      AC: 21    Str: 24    XL:     9   Next: 35%
Magic:  8/8        EV:  7    Int:  5    God:    Okawaru [*.....]
Gold:   264        SH:  4    Dex: 11    Spells: 8/8 levels left

rFire   . . .      SeeInvis .   a - +0 war axe
rCold   . . .      Faith    .   c - +0 buckler
rNeg    . . .      Spirit   .   s - +0 plate armour
rPois   .          Reflect  .   (helmet restricted)
rElec   .          Harm     .   r - +2 cloak
rCorr   .          Rampage  .   (no gloves)
Will    .....                   (no boots)
Stlth   ..........              (no amulet)
HPRegen 0.23/turn               m - +4 ring of protection
MPRegen 0.11/turn               (no ring)

@: no status effects
A: horns 2, retaliatory headbutt
a: Renounce Religion, Heroism


You were on level 7 of the Dungeon.
You worshipped Okawaru.
Okawaru was aware of your devotion.
You visited 2 branches of the dungeon, and saw 8 of its levels.

You collected 264 gold pieces.

Inventory:

Hand Weapons
 a - a +0 war axe (weapon)
 q - a +3 quarterstaff of chaos
 u - a +2 whip of flaming
 E - a +4 glaive of venom
Missiles
 l - 11 poisoned darts (quivered)
 p - a throwing net
 w - 6 javelins
Armour
 b - a +0 scale mail
 c - a +0 buckler (worn)
 r - a +2 cloak (worn)
 s - a +0 plate armour (worn)
 v - a +2 ring mail of poison resistance
Jewellery
 m - a +4 ring of protection (left hand)
 z - an amulet of magic regeneration
 C - an amulet of the acrobat
Scrolls
 e - 2 scrolls of immolation {unknown}
 f - 2 scrolls of enchant weapon {unknown}
 h - a scroll of fog {unknown}
 k - 2 scrolls of amnesia {unknown}
 t - a scroll of fear {unknown}
 x - a scroll of enchant armour {unknown}
 y - a scroll of magic mapping {unknown}
 A - 3 scrolls of identify {unknown}
Potions
 d - a potion of might
 g - 4 potions of curing {unknown}
 i - 2 potions of resistance {unknown}
 j - a potion of mutation {unknown}
 n - 3 potions of heal wounds
 o - a potion of attraction {unknown}
 B - 2 potions of lignification {unknown}
 D - 2 potions of flight {unknown}
 F - a potion of brilliance {unknown}


   Skills:
 + Level 8.8 Fighting
 + Level 10.5 Axes
 + Level 8.8 Armour
 - Level 4.0 Shields


You had 8 spell levels left.
You didn't know any spells.
Your spell library contained the following spells:

 Spells                   Type           Power      Damage    Failure   Level
 Olgreb's Toxic Radiance  Pois           0%         N/A       100%        4
 Ozocubu's Refrigeration  Ice            0%         4d5       100%        7
 Ignition                 Fire           0%         3d3       100%        8


Dungeon Overview and Level Annotations

Branches:
Dungeon (7/15)             Temple (1/1) D:4

Altars:
Ashenzari
Dithmenos
Elyvilon
Fedhas
Gozag
Hepliaklqana
Kikubaaqudgha
Makhleb
Okawaru
Qazlal
Sif Muna
Trog
Uskayaw
Vehumet
Xom
Yredelemnul
Zin
The Shining One

Shops:
D:2 [

Annotations:
D:7 Menkaure


Innate Abilities, Weirdness & Mutations

You have a pair of horns on your head.
You reflexively headbutt those who attack you in melee.


Message History

You slice the howler monkey!!
You kill the howler monkey!
Okawaru accepts your kill.
You hit Menkaure.
Menkaure points at you and mumbles some strange words.
Pain shoots through your body! Menkaure hits you but does no damage.
You hit Menkaure.
Menkaure is moderately damaged.
You block Menkaure's attack. The orc wizard casts a spell at you.
You easily resist.
You barely miss Menkaure.
Menkaure is moderately damaged.
Menkaure completely misses you. You furiously retaliate!
You headbutt Menkaure! You barely miss Menkaure. Your headbutt misses Menkaure.
Menkaure is heavily damaged.
Menkaure calls on the powers of darkness!
Your body is wracked with pain!
The orc convulses! x2
The orc wizard convulses!
The orc wizard gestures wildly while chanting.
The orc wizard flickers and vanishes!
Deactivating autopickup; reactivate with Ctrl-A.
Menkaure hits you.
Menkaure's bandages flutter.
You hear some strange, mumbled words.
Something tries to affect you, but you resist.
Menkaure calls on the powers of darkness!
Something is bathed in an unholy light!
Your body is wracked with pain!
* * * LOW HITPOINT WARNING * * *
The orc convulses! x2
Menkaure murmurs drily.
Something hits you but does no damage.
Menkaure gestures at you while chanting.
Pain shoots through your body!
* * * LOW HITPOINT WARNING * * *
There is a stone staircase leading up here.
Something hits you but does no damage.
Menkaure giggles, "These cerements are ticklish..."
Menkaure hits you!
You die...

............##.
............... #...........#
#...........# #.........#
##.........# #..........# .
#####......oM@.###..
..............>#....
####...............
##...........##.# #
##.....o....#.#...
#.##..##.............
#....###...........##
###.........##.#..###
.....................)......#


You could see Menkaure (fast) and 2 orcs.

Vanquished Creatures
  Pikel (D:3)
  Maggie (D:6)
  Prince Ribbit (D:5)
  A water moccasin (D:3)
  An ice beast (D:6)
  2 black bears
  3 ogres
  2 lemures (D:4)
  2 scorpions (D:5)
  4 howler monkeys
  4 orc priests
  3 hounds (D:4)
  3 iron imps (D:5)
  2 centaur skeletons (D:5)
  Crazy Yiuf (D:3)
  4 iguanas
  4 orc wizards
  A gnoll (D:1)
  A howler monkey skeleton (D:4)
  5 adders
  A white imp (D:5)
  An ufetubus (D:6)
  4 worms
  3 dart slugs
  19 orcs
  8 bats
  7 endoplasms
  3 giant cockroaches
  10 goblins
  6 hobgoblins
  7 quokkas
  7 ball pythons
  A frilled lizard (D:2)
  9 kobolds
  2 rats
134 creatures vanquished.

Notes
Turn   | Place    | Note
-------+----------+-------------------------------------------
     0 | D:1      | r3xj the Minotaur Fighter began the quest for the Orb.
     0 | D:1      | Reached XP level 1. HP: 19/19 MP: 0/0
   191 | D:1      | Reached XP level 2. HP: 26/27 MP: 1/1
   274 | D:1      | Found a faded altar of an unknown god.
   418 | D:1      | Reached skill level 3 in Axes
   418 | D:1      | Reached XP level 3. HP: 21/33 MP: 2/2
  1036 | D:2      | Found Uckal's Antique Armour Shoppe.
  1200 | D:2      | Found a hide-covered altar of Uskayaw.
  1393 | D:2      | Reached XP level 4. HP: 41/41 MP: 3/3
  1846 | D:3      | Reached skill level 4 in Axes
  1846 | D:3      | Reached XP level 5. HP: 43/47 MP: 4/4
  1915 | D:3      | Reached skill level 5 in Fighting
  1915 | D:3      | Reached skill level 5 in Armour
  2049 | D:3      | Noticed a black bear
  2054 | D:3      | Killed a black bear
  2055 | D:3      | Reached XP level 6. HP: 54/56 MP: 5/5
  2077 | D:3      | Noticed a water moccasin
  2085 | D:3      | Killed a water moccasin
  2086 | D:3      | Reached skill level 5 in Axes
  2209 | D:3      | Found a blossoming altar of Fedhas.
  2423 | D:3      | Found a runed translucent door.
  2424 | D:3      | Noticed Crazy Yiuf
  2732 | D:3      | Killed Crazy Yiuf
  2950 | D:4      | Reached XP level 7. HP: 51/63 MP: 6/6
  3108 | D:4      | Found a bloodstained altar of Trog.
  3205 | D:4      | Noticed Pikel
  3206 | D:4      | Reached skill level 6 in Axes
  3583 | D:3      | Killed Pikel
  3584 | D:3      | Reached skill level 7 in Axes
  3584 | D:3      | Reached XP level 8. HP: 34/73 MP: 7/7
  3769 | D:4      | Found a staircase to the Ecumenical Temple.
  4304 | D:4      | Reached skill level 8 in Axes
  4539 | Temple   | Entered the Ecumenical Temple
  4604 | Temple   | Became a worshipper of Warmaster Okawaru
  4644 | D:5      | Entered Level 5 of the Dungeon
  4644 | D:5      | You fall into a shaft and drop 1 floor!
  5267 | D:5      | Found a large runed translucent door.
  5268 | D:5      | Found a large runed translucent door.
  5289 | D:5      | Reached skill level 9 in Axes
  5415 | D:5      | Noticed Prince Ribbit
  5435 | D:5      | Killed Prince Ribbit
  5435 | D:5      | Reached * piety under Okawaru
  5844 | D:5      | Found a burning altar of Makhleb.
  5857 | D:5      | Reached XP level 9. HP: 81/81 MP: 8/8
  5965 | D:5      | Found a hide-covered altar of Uskayaw.
  5968 | D:5      | Found a broken altar of Ashenzari.
  6410 | D:6      | Reached skill level 10 in Axes
  6664 | D:7      | Noticed Maggie
  6673 | D:6      | Killed Maggie
  6819 | D:7      | Noticed Menkaure
  6847 | D:7      | Slain by Menkaure

Illustrated notes

Levels and vault maps discovered:
D:1:      minmay_arrival_diagonal_passages, layout_loops_ring,
          nicolae_ecumenical_snake_handling, roderic_lattice_a
D:2:      layout_basic, basic_altar, serial_shops, nicolae_shop_trees
D:3:      layout_basic, fedhas_altar_4, uniq_crazy_yiuf_cottage
D:4:      layout_loops_corners, nicolae_overflow_crystal_walls,
          minmay_temple_entry_glass, uniq_pikel
D:5:      layout_basic, jmf_multi_god_temple2, demons_altar, uniq_prince_ribbit1
D:6:      layout_loops_corners
D:7:      layout_rooms, uniq_maggie, uniq_menkaure
Temple:   cyrus_circular_temple

Skill      XL: |  1  2  3  4  5  6  7  8  9 |
---------------+----------------------------+-----
Armour         | 4 5 6 7 8 |  8.8
Fighting       | 4 5 6 7 8 |  8.8
Shields        | 4 |  4.0
Axes           | 3 4 5 7 9 10 | 10.5

Action                   |  1- 3 |  4- 6 |  7- 9 || total
-------------------------+-------+-------+-------++-------
Melee: War axe           |    72 |    74 |   203 ||   349
       Headbutt          |    13 |    17 |    49 ||    79
Throw: Dart              |       |     9 |       ||     9
Invok: Heroism           |       |       |     1 ||     1
  Use: Potion            |       |       |     1 ||     1
Armor: Scale mail        |    32 |    32 |       ||    64
       Plate armour      |       |       |   142 ||   142
Dodge: Dodged            |    31 |    40 |    56 ||   127
Block: Buckler           |    11 |    12 |    35 ||    58

Table legend: (Time is in decaauts)
 A = Elapsed time spent in this place.
 B = Non-inter-level travel time spent in this place.
 C = Inter-level travel time spent in this place.
 D = Time resting spent in this place.
 E = Time spent auto-exploring this place.
 F = Levels seen in this place.
 G = Mean time per level.
                   A        B        C        D        E       F      G
               +--------+--------+--------+--------+--------+-----+--------+
         Total |   6911 |   6678 |    233 |    521 |   5115 |   8 |  863.9 |
       Dungeon |   6838 |   6612 |    226 |    521 |   5073 |   7 |  976.9 |
        Temple |     73 |     66 |      7 |      0 |     42 |   1 |   73.0 |
               +--------+--------+--------+--------+--------+-----+--------+

Top non-repeatable levels by time:
     D:3: 1403 daAuts
     D:4: 1403 daAuts
     D:6: 1293 daAuts
     D:1: 1050 daAuts
     D:5: 856 daAuts
     D:2: 790 daAuts
  Temple: 73 daAuts
     D:7: 41 daAuts
